 Dungeon Crawl Stone Soup version 0.27-a0-1332-g84bddb5ca7 (webtiles) character file.

Game seed: 4033137728119334742

21773 Snikeer the Frost Mage (level 12, -10/93 HPs)
             Began as a Gnoll Ice Elementalist on June 25, 2021.
             Was an Initiate of Ashenzari.
             Mangled by a large slime creature (21 damage)
             ... on level 13 of the Dungeon.
             The game lasted 00:55:29 (18386 turns).

Snikeer the Frost Mage (Gnoll Ice Elementalist)    Turns: 18386, Time: 00:55:29

Health: -10/93     AC: 10    Str: 10    XL:     12   Next: 93%
Magic:  25/25      EV: 19    Int: 18    God:    Ashenzari [......]
Gold:   801        SH:  9    Dex: 21    Spells: 6/30 levels left

rFire    . . .     SeeInvis .   a - +4 whip (elec)
rCold    . . .     Faith    .   g - +2 buckler
rNeg     . . .     Spirit   .   K - +0 robe of Purpose {rPois Dex+3 Stlth+}
rPois    +         Reflect  .   m - +0 helmet
rElec    .         Harm     .   C - +2 cloak "Shattered Together" {Melee, Self} (curse)
rCorr    .         Rampage  .   f - +2 pair of gloves
Will     .....                  (no boots)
Stlth    +++++.....             x - amulet of magic regeneration
HPRegen  0.25/turn              h - +6 ring of dexterity
MPRegen  0.44/turn              Z - ring of wizardry {Wiz+, !d}

@: no status effects
A: fangs 1, strong nose, distributed training
a: Renounce Religion, Shatter the Chains


You were on level 13 of the Dungeon.
You worshipped Ashenzari.
Ashenzari was noncommittal.
You visited 2 branches of the dungeon, and saw 14 of its levels.
You also visited: Sewer.

You collected 801 gold pieces.

Inventory:

Hand Weapons
 a - a +4 whip of electrocution (weapon)
   (You took it off a gnoll shaman on level 7 of the Dungeon)
 b - a +2 dagger of flaming
   (You took it off a goblin on level 1 of the Dungeon)
Missiles
 c - 119 sling bullets
 d - 5 throwing nets {!d}
 e - 17 javelins
 j - 4 curare-tipped darts
 n - 153 poisoned darts (quivered)
 s - 318 stones
 u - 330 arrows
 w - 10 boomerangs
 z - 55 bolts
Armour
 f - a +2 pair of gloves (worn)
   (You found it on level 5 of the Dungeon)
 g - a +2 buckler (worn)
   (You found it on level 7 of the Dungeon)
 m - a +0 helmet (worn)
   (You found it on level 2 of the Dungeon)
 t - a +0 buckler of fire resistance
   (You found it on level 11 of the Dungeon)
 C - the cursed +2 cloak "Shattered Together" (worn) {Melee, Self}
   (You found it on level 4 of the Dungeon)

   It has a curse which improves the following skills: Melee Combat: Short
   Blades, Long Blades, Axes, Maces & Flails, Polearms, Staves and Unarmed
   Combat.
   Introspection: Fighting and Spellcasting.
 K - the +0 robe of Purpose (worn) {rPois Dex+3 Stlth+}
   (You found it on level 6 of the Dungeon)

   It affects your dexterity (+3).
   It protects you from poison.
   It makes you more stealthy.
Magical Staves
 k - a staff of air {rElec}
   (You found it on level 10 of the Dungeon)
Jewellery
 h - a +6 ring of dexterity (left hand)
   (You found it on level 1 of the Dungeon)
 x - an amulet of magic regeneration (around neck)
   (You found it on level 7 of the Dungeon)
 Z - a ring of wizardry (right hand) {Wiz+, !d}
   (You took it off a kobold on level 9 of the Dungeon)
Wands
 i - a wand of iceblast (8)
   (You found it on level 9 of the Dungeon)
 p - a wand of paralysis (9)
   (You found it on level 3 of the Dungeon)
 q - a wand of flame (28)
   (You found it on level 5 of the Dungeon)
Scrolls
 o - a scroll of brand weapon
 y - a scroll of fog
 D - a scroll of blinking {!r}
 E - a scroll of fear
 Y - 5 scrolls of teleportation {@r3}
Potions
 r - 2 potions of cancellation
 v - 6 potions of attraction {!q}
 B - 4 potions of brilliance
 G - a potion of ambrosia {!q}
 H - 2 potions of haste
 I - a potion of invisibility
 J - 12 potions of curing {@q1}
 L - 2 potions of flight
 M - 4 potions of might
 N - 3 potions of heal wounds {@q2}
 P - a potion of lignification {!q}
 R - 4 potions of resistance
 T - 2 potions of berserk rage {!q}
 U - 2 potions of mutation {!q}
Miscellaneous
 l - a condenser vane
   (You found it on level 11 of the Dungeon)


   Skills:
 + Level 7.7(8.3) Fighting
 + Level 7.7(8.3) Short Blades
 + Level 7.7(8.3) Long Blades
 + Level 7.7(8.3) Axes
 + Level 7.7(8.3) Maces & Flails
 + Level 7.7(8.3) Polearms
 + Level 7.7(8.3) Staves
 + Level 7.7 Slings
 + Level 7.7 Bows
 + Level 7.7 Crossbows
 + Level 7.7 Throwing
 + Level 7.7 Armour
 + Level 9.1 Dodging
 + Level 8.9 Stealth
 + Level 7.7 Shields
 + Level 7.7(8.3) Unarmed Combat
 + Level 9.3(9.8) Spellcasting
 + Level 6.4 Conjurations
 + Level 6.4 Hexes
 + Level 6.4 Summonings
 + Level 6.4 Necromancy
 + Level 6.4 Translocations
 + Level 6.4 Transmutations
 + Level 6.4 Fire Magic
 + Level 9.6 Ice Magic
 + Level 6.4 Air Magic
 + Level 6.4 Earth Magic
 + Level 6.4 Poison Magic
 + Level 8.5 Invocations
 + Level 7.7 Evocations


You had 6 spell levels left.
You knew the following spells:

 Your Spells              Type           Power      Damage    Failure   Level
a - Freeze                Ice            100%       1d11      1%          1
b - Frozen Ramparts       Ice            86%        1d10      1%          3
c - Cause Fear            Hex            16%        N/A       2%          4
d - Metabolic Englaciati  Hex/Ice        18%        N/A       3%          5
e - Leda's Liquefaction   Hex/Erth       16%        N/A       2%          4
f - Summon Lightning Spi  Summ/Air       32%        N/A       2%          4
A - Ozocubu's Armour      Ice            43%        N/A       1%          3

Your spell library contained the following spells:

 Spells                   Type           Power      Damage    Failure   Level
 Animate Skeleton         Necr           64%        N/A       1%          1
 Corona                   Hex            35%        N/A       1%          1
 Pain                     Necr           100%       1d9       1%          1
 Summon Small Mammal      Summ           100%       N/A       1%          1
 Call Imp                 Summ           32%        N/A       1%          2
 Slow                     Hex            32%        N/A       1%          2
 Call Canine Familiar     Summ           32%        N/A       1%          3
 Inner Flame              Hex/Fire       32%        N/A       1%          3
 Portal Projectile        Hex/Tloc       64%        N/A       1%          3
 Summon Guardian Golem    Hex/Summ       32%        N/A       1%          3
 Vampiric Draining        Necr           16%        2d8       1%          3
 Hailstorm                Conj/Ice       37%        3d9       1%          4
 Summon Ice Beast         Ice/Summ       37%        N/A       1%          4
 Animate Dead             Necr           16%        N/A       2%          4
 Agony                    Necr           32%        N/A       6%          5


Dungeon Overview and Level Annotations

Branches:
Dungeon (13/15)            Temple (1/1) D:5            Lair (0/6) D:8
    Orc (0/2) D:10          Sewer (visited)
 Vaults: D:13-14

Altars:
Ashenzari
Cheibriados
Dithmenos
Elyvilon
Fedhas
Gozag
Hepliaklqana
Kikubaaqudgha
Makhleb
Nemelex Xobeh
Okawaru
Qazlal
Ru
Sif Muna
Trog
Uskayaw
Vehumet
Wu Jian
Xom
Yredelemnul
Zin
The Shining One

Shops:
D:3 (   D:5 *   D:7 (


Innate Abilities, Weirdness & Mutations

You have very sharp teeth.
Your uncanny sense of smell can sniff out nearby items.
Your experience applies equally to all skills.


Message History

Lightning courses through the very large slime creature!
You whack the very large slime creature!
Lightning courses through the very large slime creature!
The wall freezes the slime creature!
Two slime creatures merge to form an enormous slime creature.
Two slime creatures merge to form a titanic slime creature.
You hit the titanic slime creature.
You bite the titanic slime creature, but do no damage.
You hit the titanic slime creature. You whack the titanic slime creature!
You bite the titanic slime creature, but do no damage.
The wall freezes the titanic slime creature.
The titanic slime creature closely misses you.
You hit the titanic slime creature.
You barely miss the titanic slime creature.
You bite the titanic slime creature, but do no damage.
The frozen ramparts melt away.
The titanic slime creature closely misses you.
MP restored: 25 You barely miss the titanic slime creature.
A titanic slime creature splits.
Casting: Frozen Ramparts (safe; 1% risk of failure)
Confirm with . or Enter, or press ? or * to list all spells.
The walls around you are covered in ice.
Two slime creatures merge to form an enormous slime creature.
The wall freezes the very large slime creature.
You block the very large slime creature's attack.
You now have 22/25 mp.
You whack the very large slime creature!
The ground is no longer liquid beneath you.
The wall freezes the very large slime creature.
The very large slime creature barely misses you.
You hit the very large slime creature.
Lightning courses through the very large slime creature!
You bite the very large slime creature, but do no damage.
The wall freezes the enormous slime creature!
The enormous slime creature hits you!
You take 17 damage, and have 76/93 hp.
You hit the very large slime creature.
Lightning courses through the very large slime creature!
You bite the very large slime creature.
The wall freezes the very large slime creature!
The very large slime creature closely misses you.
The wall freezes the enormous slime creature.
The enormous slime creature misses you.
You hit the very large slime creature.
You bite the very large slime creature, but do no damage.
The wall freezes the very large slime creature!
The very large slime creature closely misses you.
You hit the very large slime creature.
The wall freezes the enormous slime creature!
You block the enormous slime creature's attack.
You hit the very large slime creature.
Lightning courses through the very large slime creature!!
The wall freezes the enormous slime creature!
An enormous slime creature splits.
You hit the large slime creature but do no damage.
You whack the large slime creature!
Your bite misses the large slime creature.
The wall freezes the large slime creature.
You block the large slime creature's attack.
The wall freezes the large slime creature.
The large slime creature closely misses you.
You hit the large slime creature.
Lightning courses through the large slime creature!
You bite the large slime creature, but do no damage.
The wall freezes the large slime creature!
The large slime creature hits you but does no damage.
The wall freezes the large slime creature.
The large slime creature hits you!!
You take 24 damage, and have 53/93 hp.
MASSIVE DAMAGE!!
MP restored: 25 You are too injured to fight recklessly!
You are too injured to fight recklessly!
You are too injured to fight recklessly!
You hit the large slime creature. You hit the large slime creature.
The frozen ramparts melt away.
You block the large slime creature's attack.
The large slime creature hits you!!
* * * LOW HITPOINT WARNING * * *
You take 30 damage, and have 23/93 hp.
MASSIVE DAMAGE!!
You hit the large slime creature.
You block the large slime creature's attack.
The large slime creature barely misses you.
You hit the large slime creature.
Lightning courses through the large slime creature!
You hit the large slime creature.
Lightning courses through the large slime creature!
The large slime creature hits you!
* * * LOW HITPOINT WARNING * * *
The large slime creature completely misses you.
You take 14 damage, and have 10/93 hp.
Your icy armour will break if you move.
Continue? [Y]es or [N]o only, please.
Your icy armour will break if you move.
Continue?
Your icy armour cracks and falls away as you move.
A large slime creature splits.
Two slime creatures merge to form a large slime creature.
The large slime creature hits you!!
You die...

........# ......(.#
......(.# ......(.#
#####.# #...#J#
..#.?.#.# #.#...#J#
#.#...#@# #.##'##.+
#.......####
#.............
#............. ##
#...........$. ...
#.............
....######.............
.......................


You could see 2 large slime creatures.

Vanquished Creatures
  Harold (D:8)
  2 hydras
  A boulder beetle (D:12)
  A two-headed ogre (D:10)
  A slime creature (D:13)
  Pikel (D:8)
  A manticore (D:12)
  2 deep elf pyromancers
  3 ugly things
  4 cyclopes (D:12)
  A guardian serpent (D:12)
  Joseph (D:7)
  An unseen horror (D:10)
  Psyche (D:8)
  A komodo dragon (D:12)
  7 trolls
  2 dream sheep (D:11)
  A shadow (D:9)
  2 wyverns (D:9)
  17 yaks
  2 wraiths
  3 vampire mosquitoes (D:12)
  2 steam dragons (D:8)
  An acid dragon (D:12)
  2 water moccasins
  5 black bears
  7 orc warriors
  An ice beast (D:6)
  2 necrophages
  A sky beast (D:7)
  3 ogres
  6 centaurs
  A phantom (D:7)
  13 kobold brigands
  3 lemures (D:8)
  2 bullfrogs (D:8)
  A gnoll sergeant (D:12)
  2 scorpions (D:8)
  8 killer bees
  8 wights
  2 bullfrog zombies (D:6)
  4 jellies
  A lava snake (D:7)
  3 hounds
  4 orc priests
  A centaur skeleton (D:7)
  3 centaur zombies
  A gnoll shaman (D:7)
  Terence (D:3)
  3 iguanas
  11 orc wizards
  10 gnolls
  6 adders
  2 river rats (D:4)
  A shadow imp (D:8)
  4 worms
  The ghost of dang3rdave the Sneak, a weakling GrDe of Hepliaklqana (D:4)
  3 dart slugs
  35 orcs
  9 ball pythons
  10 bats
  19 endoplasms
  6 giant cockroaches
  8 goblins
  8 hobgoblins
  7 jackals
  2 quokkas (D:1)
  4 frilled lizards
  40 kobolds
  7 rats
340 creatures vanquished.

Vanquished Creatures (collateral kills)
  A yak (D:10)
1 creature vanquished.

Vanquished Creatures (others)
  38 fungi
  35 plants
  12 toadstools (D:4)
85 creatures vanquished.

Grand Total: 426 creatures vanquished

Notes
Turn   | Place    | Note
-------+----------+-------------------------------------------
     0 | D:1      | Snikeer the Gnoll Ice Elementalist began the quest for the
                  | Orb.
     0 | D:1      | Reached XP level 1. HP: 13/13 MP: 6/6
    57 | D:1      | Found a faded altar of an unknown god.
    70 | D:1      | Reached XP level 2. HP: 15/19 MP: 0/7
   256 | D:1      | HP: 5/20 [quokka (1)]
   802 | D:1      | Reached XP level 3. HP: 25/25 MP: 9/9
   806 | D:1      | Reached skill level 5 in Spellcasting
   810 | D:1      | Learned a level 3 spell: Frozen Ramparts
   814 | D:1      | Learned a level 3 spell: Ozocubu's Armour
  1012 | D:1      | Reached skill level 1 in Invocations
  1454 | D:2      | Reached skill level 1 in Fighting
  1454 | D:2      | Reached skill level 1 in Short Blades
  1454 | D:2      | Reached skill level 1 in Long Blades
  1454 | D:2      | Reached skill level 1 in Axes
  1454 | D:2      | Reached skill level 1 in Maces & Flails
  1454 | D:2      | Reached skill level 1 in Polearms
  1454 | D:2      | Reached skill level 1 in Staves
  1454 | D:2      | Reached skill level 1 in Slings
  1454 | D:2      | Reached skill level 1 in Bows
  1454 | D:2      | Reached skill level 1 in Crossbows
  1454 | D:2      | Reached skill level 1 in Throwing
  1454 | D:2      | Reached skill level 1 in Armour
  1454 | D:2      | Reached skill level 1 in Shields
  1454 | D:2      | Reached skill level 1 in Unarmed Combat
  1454 | D:2      | Reached skill level 1 in Evocations
  1481 | D:2      | Reached XP level 4. HP: 32/32 MP: 11/11
  1930 | D:2      | Reached skill level 1 in Conjurations
  1930 | D:2      | Reached skill level 1 in Hexes
  1930 | D:2      | Reached skill level 1 in Summonings
  1930 | D:2      | Reached skill level 1 in Necromancy
  1930 | D:2      | Reached skill level 1 in Translocations
  1930 | D:2      | Reached skill level 1 in Transmutations
  1930 | D:2      | Reached skill level 1 in Fire Magic
  1930 | D:2      | Reached skill level 1 in Air Magic
  1930 | D:2      | Reached skill level 1 in Earth Magic
  1930 | D:2      | Reached skill level 1 in Poison Magic
  2601 | D:3      | Found a shadowy altar of Dithmenos.
  2755 | D:3      | Noticed Terence
  2764 | D:3      | Killed Terence
  2765 | D:3      | Reached XP level 5. HP: 32/37 MP: 6/12
  2838 | D:3      | Found a basalt altar of Yredelemnul.
  2964 | D:3      | Found a radiant altar of Vehumet.
  3434 | D:3      | Found Havad's Weapon Boutique.
  3662 | D:4      | Found a glowing drain.
  3699 | Sewer    | Entered a sewer
  3786 | Sewer    | Noticed a kobold brigand
  3792 | Sewer    | Killed a kobold brigand
  3793 | Sewer    | Reached skill level 2 in Invocations
  3793 | Sewer    | Reached XP level 6. HP: 40/44 MP: 6/13
  3907 | Sewer    | Reached skill level 2 in Fighting
  3907 | Sewer    | Reached skill level 2 in Short Blades
  3907 | Sewer    | Reached skill level 2 in Long Blades
  3907 | Sewer    | Reached skill level 2 in Axes
  3907 | Sewer    | Reached skill level 2 in Maces & Flails
  3907 | Sewer    | Reached skill level 2 in Polearms
  3907 | Sewer    | Reached skill level 2 in Staves
  3907 | Sewer    | Reached skill level 2 in Slings
  3907 | Sewer    | Reached skill level 2 in Bows
  3907 | Sewer    | Reached skill level 2 in Crossbows
  3907 | Sewer    | Reached skill level 2 in Throwing
  3907 | Sewer    | Reached skill level 2 in Armour
  3907 | Sewer    | Reached skill level 5 in Dodging
  3907 | Sewer    | Reached skill level 2 in Shields
  3907 | Sewer    | Reached skill level 2 in Unarmed Combat
  3907 | Sewer    | Reached skill level 2 in Evocations
  4281 | D:4      | Reached XP level 7. HP: 36/50 MP: 15/15
  4977 | D:4      | Reached skill level 2 in Conjurations
  4977 | D:4      | Reached skill level 2 in Hexes
  4977 | D:4      | Reached skill level 2 in Summonings
  4977 | D:4      | Reached skill level 2 in Necromancy
  4977 | D:4      | Reached skill level 2 in Translocations
  4977 | D:4      | Reached skill level 2 in Transmutations
  4977 | D:4      | Reached skill level 2 in Fire Magic
  4977 | D:4      | Reached skill level 2 in Air Magic
  4977 | D:4      | Reached skill level 2 in Earth Magic
  4977 | D:4      | Reached skill level 2 in Poison Magic
  5110 | D:4      | Reached skill level 5 in Stealth
  5110 | D:4      | Reached skill level 3 in Invocations
  5179 | D:4      | Reached XP level 8. HP: 52/57 MP: 10/16
  5411 | D:4      | Found a runed translucent gate.
  5428 | D:4      | Noticed dang3rdave's ghost (weakling GrDe)
  5500 | D:4      | Found a hazy altar of Hepliaklqana.
  5570 | D:4      | Found a runed translucent gate.
  5570 | D:4      | Found a runed translucent gate.
  5611 | D:4      | Reached skill level 3 in Fighting
  5611 | D:4      | Reached skill level 3 in Short Blades
  5611 | D:4      | Reached skill level 3 in Long Blades
  5611 | D:4      | Reached skill level 3 in Axes
  5611 | D:4      | Reached skill level 3 in Maces & Flails
  5611 | D:4      | Reached skill level 3 in Polearms
  5611 | D:4      | Reached skill level 3 in Staves
  5611 | D:4      | Reached skill level 3 in Slings
  5611 | D:4      | Reached skill level 3 in Bows
  5611 | D:4      | Reached skill level 3 in Crossbows
  5611 | D:4      | Reached skill level 3 in Throwing
  5611 | D:4      | Reached skill level 3 in Armour
  5611 | D:4      | Reached skill level 3 in Shields
  5611 | D:4      | Reached skill level 3 in Unarmed Combat
  5611 | D:4      | Reached skill level 3 in Evocations
  5614 | D:4      | Killed dang3rdave's ghost
  5776 | D:5      | Entered Level 5 of the Dungeon
  5903 | D:5      | Reached skill level 6 in Spellcasting
  5979 | D:5      | Found Dietz's General Store.
  6108 | D:5      | Found a staircase to the Ecumenical Temple.
  6129 | Temple   | Entered the Ecumenical Temple
  6592 | D:4      | Found a shimmering blue altar of Sif Muna.
  6595 | D:4      | Found a bloodstained altar of Trog.
  7389 | D:6      | Identified the +0 robe of Purpose {rPois Dex+3 Stlth+}
  7588 | D:6      | Reached skill level 3 in Conjurations
  7588 | D:6      | Reached skill level 3 in Hexes
  7588 | D:6      | Reached skill level 3 in Summonings
  7588 | D:6      | Reached skill level 3 in Necromancy
  7588 | D:6      | Reached skill level 3 in Translocations
  7588 | D:6      | Reached skill level 3 in Transmutations
  7588 | D:6      | Reached skill level 3 in Fire Magic
  7588 | D:6      | Reached skill level 3 in Air Magic
  7588 | D:6      | Reached skill level 3 in Earth Magic
  7588 | D:6      | Reached skill level 3 in Poison Magic
  7588 | D:6      | Reached skill level 4 in Invocations
  7892 | D:6      | Reached skill level 6 in Dodging
  7892 | D:6      | Reached XP level 9. HP: 59/65 MP: 10/18
  8110 | D:7      | Found Cyan's Antique Weapon Shop.
  8605 | D:7      | Reached skill level 4 in Fighting
  8605 | D:7      | Reached skill level 4 in Short Blades
  8605 | D:7      | Reached skill level 4 in Long Blades
  8605 | D:7      | Reached skill level 4 in Axes
  8605 | D:7      | Reached skill level 4 in Maces & Flails
  8605 | D:7      | Reached skill level 4 in Polearms
  8605 | D:7      | Reached skill level 4 in Staves
  8605 | D:7      | Reached skill level 4 in Slings
  8605 | D:7      | Reached skill level 4 in Bows
  8605 | D:7      | Reached skill level 4 in Crossbows
  8605 | D:7      | Reached skill level 4 in Throwing
  8605 | D:7      | Reached skill level 4 in Armour
  8605 | D:7      | Reached skill level 4 in Shields
  8605 | D:7      | Reached skill level 4 in Unarmed Combat
  8605 | D:7      | Reached skill level 4 in Evocations
  9001 | D:7      | Noticed Joseph
  9641 | D:7      | Killed Joseph
  9642 | D:7      | Reached skill level 6 in Stealth
  9642 | D:7      | Reached skill level 8 in Ice Magic
  9923 | D:8      | Noticed Harold
  9931 | D:8      | Found an opulent altar of Gozag.
 10085 | D:8      | Reached skill level 5 in Invocations
 10089 | D:8      | Killed Harold
 10090 | D:8      | Reached skill level 7 in Spellcasting
 10090 | D:8      | Reached skill level 4 in Conjurations
 10090 | D:8      | Reached skill level 4 in Hexes
 10090 | D:8      | Reached skill level 4 in Summonings
 10090 | D:8      | Reached skill level 4 in Necromancy
 10090 | D:8      | Reached skill level 4 in Translocations
 10090 | D:8      | Reached skill level 4 in Transmutations
 10090 | D:8      | Reached skill level 4 in Fire Magic
 10090 | D:8      | Reached skill level 4 in Air Magic
 10090 | D:8      | Reached skill level 4 in Earth Magic
 10090 | D:8      | Reached skill level 4 in Poison Magic
 10090 | D:8      | Reached XP level 10. HP: 73/73 MP: 20/20
 10177 | D:8      | Found a staircase to the Lair.
 10203 | D:8      | Reached skill level 5 in Fighting
 10203 | D:8      | Reached skill level 5 in Short Blades
 10203 | D:8      | Reached skill level 5 in Long Blades
 10203 | D:8      | Reached skill level 5 in Axes
 10203 | D:8      | Reached skill level 5 in Maces & Flails
 10203 | D:8      | Reached skill level 5 in Polearms
 10203 | D:8      | Reached skill level 5 in Staves
 10203 | D:8      | Reached skill level 5 in Slings
 10203 | D:8      | Reached skill level 5 in Bows
 10203 | D:8      | Reached skill level 5 in Crossbows
 10203 | D:8      | Reached skill level 5 in Throwing
 10203 | D:8      | Reached skill level 5 in Armour
 10203 | D:8      | Reached skill level 5 in Shields
 10203 | D:8      | Reached skill level 5 in Unarmed Combat
 10203 | D:8      | Reached skill level 5 in Evocations
 10549 | D:8      | Reached skill level 7 in Dodging
 10765 | D:8      | Noticed Pikel
 10776 | D:8      | Killed Pikel
 10780 | D:8      | Reached skill level 6 in Invocations
 10806 | D:8      | Reached skill level 7 in Stealth
 11254 | D:8      | Noticed Psyche
 11274 | D:8      | Killed Psyche
 11527 | D:8      | Found a burning altar of Makhleb.
 11527 | D:8      | Found a broken altar of Ashenzari.
 11870 | D:9      | Noticed a deep elf pyromancer
 11872 | D:9      | Identified the +8 long sword of Intuition {vorpal, Will+
                  | rCorr}
 11885 | D:9      | Killed a deep elf pyromancer
 12086 | D:9      | Reached XP level 11. HP: 77/81 MP: 22/22
 12199 | D:9      | Noticed a purple ugly thing
 12216 | D:9      | Killed a purple ugly thing
 12217 | D:9      | Reached skill level 6 in Fighting
 12217 | D:9      | Reached skill level 6 in Short Blades
 12217 | D:9      | Reached skill level 6 in Long Blades
 12217 | D:9      | Reached skill level 6 in Axes
 12217 | D:9      | Reached skill level 6 in Maces & Flails
 12217 | D:9      | Reached skill level 6 in Polearms
 12217 | D:9      | Reached skill level 6 in Staves
 12217 | D:9      | Reached skill level 6 in Slings
 12217 | D:9      | Reached skill level 6 in Bows
 12217 | D:9      | Reached skill level 6 in Crossbows
 12217 | D:9      | Reached skill level 6 in Throwing
 12217 | D:9      | Reached skill level 6 in Armour
 12217 | D:9      | Reached skill level 6 in Shields
 12217 | D:9      | Reached skill level 6 in Unarmed Combat
 12217 | D:9      | Reached skill level 6 in Evocations
 12976 | D:10     | Entered Level 10 of the Dungeon
 12988 | D:10     | Reached skill level 5 in Conjurations
 12988 | D:10     | Reached skill level 5 in Hexes
 12988 | D:10     | Reached skill level 5 in Summonings
 12988 | D:10     | Reached skill level 5 in Necromancy
 12988 | D:10     | Reached skill level 5 in Translocations
 12988 | D:10     | Reached skill level 5 in Transmutations
 12988 | D:10     | Reached skill level 5 in Fire Magic
 12988 | D:10     | Reached skill level 5 in Air Magic
 12988 | D:10     | Reached skill level 5 in Earth Magic
 12988 | D:10     | Reached skill level 5 in Poison Magic
 13241 | D:8      | Became a worshipper of Ashenzari the Shackled
 13249 | D:8      | Learned a level 4 spell: Cause Fear
 13255 | D:8      | Learned a level 5 spell: Metabolic Englaciation
 13260 | D:8      | Learned a level 4 spell: Leda's Liquefaction
 13414 | D:10     | Reached skill level 8 in Spellcasting
 13790 | D:10     | Found a staircase to the Orcish Mines.
 13825 | D:10     | Reached skill level 9 in Ice Magic
 13825 | D:10     | Reached skill level 7 in Invocations
 13842 | D:10     | Reached skill level 8 in Dodging
 13957 | D:10     | Noticed a two-headed ogre
 13968 | D:10     | Learned a level 4 spell: Summon Lightning Spire
 13992 | D:10     | Killed a two-headed ogre
 14099 | D:10     | Found an ancient bone altar of Kikubaaqudgha.
 14100 | D:10     | Found a blossoming altar of Fedhas.
 14500 | D:11     | Noticed a deep elf pyromancer
 14702 | D:11     | Noticed a white ugly thing
 14716 | D:11     | HP: 9/83 [white ugly thing (31)]
 14723 | D:11     | Killed a white ugly thing
 14724 | D:11     | Reached skill level 8 in Stealth
 15534 | D:11     | Reached XP level 12. HP: 80/89 MP: 21/24
 15679 | D:11     | Noticed a three-headed hydra
 15944 | D:11     | Reached skill level 7 in Fighting
 15944 | D:11     | Reached skill level 7 in Short Blades
 15944 | D:11     | Reached skill level 7 in Long Blades
 15944 | D:11     | Reached skill level 7 in Axes
 15944 | D:11     | Reached skill level 7 in Maces & Flails
 15944 | D:11     | Reached skill level 7 in Polearms
 15944 | D:11     | Reached skill level 7 in Staves
 15944 | D:11     | Reached skill level 7 in Slings
 15944 | D:11     | Reached skill level 7 in Bows
 15944 | D:11     | Reached skill level 7 in Crossbows
 15944 | D:11     | Reached skill level 7 in Throwing
 15944 | D:11     | Reached skill level 7 in Armour
 15944 | D:11     | Reached skill level 7 in Shields
 15944 | D:11     | Reached skill level 7 in Unarmed Combat
 15944 | D:11     | Reached skill level 7 in Evocations
 16074 | D:11     | Killed a three-headed hydra
 16214 | D:12     | Noticed a seven-headed hydra
 16548 | D:12     | Noticed a boulder beetle
 16564 | D:12     | Killed a boulder beetle
 16565 | D:12     | Reached skill level 6 in Conjurations
 16565 | D:12     | Reached skill level 6 in Hexes
 16565 | D:12     | Reached skill level 6 in Summonings
 16565 | D:12     | Reached skill level 6 in Necromancy
 16565 | D:12     | Reached skill level 6 in Translocations
 16565 | D:12     | Reached skill level 6 in Transmutations
 16565 | D:12     | Reached skill level 6 in Fire Magic
 16565 | D:12     | Reached skill level 6 in Air Magic
 16565 | D:12     | Reached skill level 6 in Earth Magic
 16565 | D:12     | Reached skill level 6 in Poison Magic
 16607 | D:12     | Reached skill level 8 in Invocations
 16676 | D:12     | Reached skill level 9 in Spellcasting
 17720 | D:12     | Reached skill level 9 in Dodging
 18025 | D:12     | Killed a seven-headed hydra
 18379 | D:13     | HP: 23/93 [large slime creature (30)]
 18382 | D:13     | HP: 10/93 [large slime creature (14)]
 18386 | D:13     | Mangled by a large slime creature

Illustrated notes

Levels and vault maps discovered:
D:1:      lightli_molten_gateway, layout_rooms,
          hellmonk_ecumenical_altar_blasted, minmay_misc_feat_hallway
D:2:      minmay_inner_zag, layout_rooms, corexii_corridor_pit,
          serial_park_tiny_pond
D:3:      layout_loops_ring, amcnicky_altar_gilded, lemuel_round_altar,
          lemuel_tele_altar, serial_aquarium, aquarium_bridge_long_joined
          [aquarium_subvault_window, aquarium_subvault_bridge,
          aquarium_subvault_wall, aquarium_subvault_bridge,
          aquarium_subvault_bridge, aquarium_subvault_wall],
          aquarium_bridge_square [aquarium_subvault_wall,
          aquarium_subvault_window, aquarium_subvault_wall,
          aquarium_subvault_bridge], aquarium_window_fake,
          aquarium_window_double, aquarium_window_1, aquarium_window_fake,
          aquarium_view_2d, aquarium_view_2c, aquarium_balcony_double_2,
          serial_shops, nicolae_diamond_shop, uniq_terence
D:4:      cheibrodos_fertilizer, layout_gridville,
          nicolae_overflow_hidden_temple, gammafunk_ghost_nasty_kobolds,
          lightli_sewer_entry_pipes, st_stairs_5, hangedman_abyss_or_decor_stabs
D:5:      layout_gridville, minmay_temple_entry_purple_smoke, serial_shops,
          shop, grunt_decor_mini_mirrors
D:6:      layout_cave_pools
D:7:      layout_rooms, grunt_ministairs_14, grunt_decor_junction,
          nicolae_take_the_stairs, kennysheep_crisscross, minivault_10,
          uniq_joseph
D:8:      layout_gridville, grunt_gozag_statues, minitemple,
          due_lair_maze_entry_diamond, kennysheep_generic_room_9, uniq_harold,
          uniq_pikel, uniq_psyche
D:9:      layout_cave_pools, serial_rivers, chequers_serial_rivers_marsh,
          chequers_serial_rivers_micro_e, chequers_serial_rivers_room_a,
          chequers_serial_rivers_small_3, chequers_serial_rivers_large_b,
          chequers_serial_rivers_micro_d, minmay_increasing_density
D:10:     layout_loops_cross, grunt_temple_overflow_growth_and_decay,
          kennysheep_orc_monster_closet_entryway
D:11:     layout_grid_maze, hangedman_ranch
D:12:     layout_irregular_city, nrook_guardian_serpent_ordinary
D:13:     layout_irregular_city, trog_butcher_becter
Temple:   jpeg_temple_clearing

Skill      XL: |  1  2  3  4  5  6  7  8  9 10 11 12 |
---------------+-------------------------------------+-----
Spellcasting   | 5 6 7 8 9 |  9.3
Invocations    | 1 2 3 4 5 6 7 8 |  8.5
Fighting       | 1 2 3 4 5 6 7 |  7.7
Short Blades   | 1 2 3 4 5 6 7 |  7.7
Long Blades    | 1 2 3 4 5 6 7 |  7.7
Axes           | 1 2 3 4 5 6 7 |  7.7
Maces & Flails | 1 2 3 4 5 6 7 |  7.7
Polearms       | 1 2 3 4 5 6 7 |  7.7
Staves         | 1 2 3 4 5 6 7 |  7.7
Slings         | 1 2 3 4 5 6 7 |  7.7
Bows           | 1 2 3 4 5 6 7 |  7.7
Crossbows      | 1 2 3 4 5 6 7 |  7.7
Throwing       | 1 2 3 4 5 6 7 |  7.7
Armour         | 1 2 3 4 5 6 7 |  7.7
Shields        | 1 2 3 4 5 6 7 |  7.7
Unarmed Combat | 1 2 3 4 5 6 7 |  7.7
Evocations     | 1 2 3 4 5 6 7 |  7.7
Conjurations   | 1 2 3 4 5 6 |  6.4
Hexes          | 1 2 3 4 5 6 |  6.4
Summonings     | 1 2 3 4 5 6 |  6.4
Necromancy     | 1 2 3 4 5 6 |  6.4
Translocations | 1 2 3 4 5 6 |  6.4
Transmutations | 1 2 3 4 5 6 |  6.4
Fire Magic     | 1 2 3 4 5 6 |  6.4
Air Magic      | 1 2 3 4 5 6 |  6.4
Earth Magic    | 1 2 3 4 5 6 |  6.4
Poison Magic   | 1 2 3 4 5 6 |  6.4
Dodging        | 5 6 7 8 9 |  9.1
Stealth        | 5 6 7 8 |  8.9
Ice Magic      | 8 9 |  9.6

Action                   |  1- 3 |  4- 6 |  7- 9 | 10-12 || total
-------------------------+-------+-------+-------+-------++-------
Melee: Dagger            |    38 |   120 |   233 |     7 ||   398
       Bite              |     5 |    15 |    37 |    55 ||   112
       Unarmed           |     1 |       |       |       ||     1
       Punch             |       |       |     1 |       ||     1
       Whip              |       |       |    27 |   422 ||   449
Throw: Boomerang         |     6 |       |       |    29 ||    35
       Dart              |       |     6 |    39 |   118 ||   163
       Javelin           |       |       |       |     1 ||     1
 Cast: Freeze            |    23 |     5 |     1 |     9 ||    38
       Frozen Ramparts   |     2 |    11 |    32 |    54 ||    99
       Ozocubu's Armour  |     1 |     7 |    22 |    37 ||    67
       Leda's Liquefacti |       |       |       |    16 ||    16
       Summon Lightning  |       |       |       |     2 ||     2
Invok: Curse Item        |       |       |       |     1 ||     1
Evoke: Wand              |       |       |       |     1 ||     1
  Use: Scroll            |       |     1 |     6 |    17 ||    24
       Potion            |       |       |       |     1 ||     1
 Stab: Sleeping          |     2 |    17 |     5 |     6 ||    30
       Paralysed         |       |       |       |     1 ||     1
Armor: Robe              |     3 |    24 |    76 |   114 ||   217
Dodge: Dodged            |    31 |    91 |   201 |   248 ||   571
Block: Buckler           |       |       |    50 |   170 ||   220

Table legend: (Time is in decaauts)
 A = Elapsed time spent in this place.
 B = Non-inter-level travel time spent in this place.
 C = Inter-level travel time spent in this place.
 D = Time resting spent in this place.
 E = Time spent auto-exploring this place.
 F = Levels seen in this place.
 G = Mean time per level.
                   A        B        C        D        E       F      G
               +--------+--------+--------+--------+--------+-----+--------+
         Total |  18338 |  16691 |   1647 |    253 |  13241 |  15 | 1222.5 |
       Dungeon |  17678 |  16048 |   1630 |    253 |  12744 |  13 | 1359.8 |
        Temple |    140 |    123 |     17 |      0 |    122 |   1 |  140.0 |
         Sewer |    518 |    518 |      0 |      0 |    375 |   1 |  518.0 |
               +--------+--------+--------+--------+--------+-----+--------+

Top non-repeatable levels by time:
     D:8: 2101 daAuts
    D:12: 1948 daAuts
     D:4: 1791 daAuts
    D:11: 1592 daAuts
    D:10: 1479 daAuts
     D:7: 1462 daAuts
     D:1: 1422 daAuts
     D:6: 1283 daAuts
     D:5: 1226 daAuts
     D:2: 1100 daAuts
     D:9: 1095 daAuts
     D:3: 1032 daAuts
   Sewer: 518 daAuts
    D:13: 144 daAuts
  Temple: 140 daAuts

Table legend:
 A = Kills in this place as a percentage of kills in entire the game.
 B = Kills by you in this place as a percentage of kills by you in the entire game.
 C = Kills by friends in this place as a percentage of kills by friends in the entire game.
 D = Other kills in this place as a percentage of other kills in the entire game.
 E = Experience gained in this place as a percentage of experience gained in the entire game.
 F = Experience gained in this place divided by the number of levels of this place that you have seen.
                   A       B       C       D       E      F
               +-------+-------+-------+-------+-------+----------------------
         Total | 100.0 | 100.0 | 100.0 |   N/A | 100.0 | 2073.7
       Dungeon |  92.9 |  92.9 | 100.0 |   N/A |  98.9 | 2367.4
         Sewer |   7.1 |   7.1 |   0.0 |   N/A |   1.1 | 329.0
               +-------+-------+-------+-------+-------+----------------------
